[ PARTIDA AOE2 · #495294800 ]
UnrankedGurjaras vs Khitans
Equipo del jugador · VICT
Equipo rival · DERR
[ ANÁLISIS DE REPETICIÓN · EXTRAÍDO DE LA PARTIDA GRABADA ]
Feudal
8:32
Castillos
17:18
Imperial
36:17
| APM promedio | 58.8 |
| APM pico | 126 |
| eAPM promedio | 42.4 |
| Aldeanos / militares | 199 / 246 |
Foco
⚔️ 52.9% · 🌾 47.1%
Scout Cavalry ×190 · Unknown (2626) ×27 · Chakram Thrower ×15 · Galley ×12 · Monk ×9 · Mangonel ×7
Feudal
10:12
Castillos
14:39
Imperial
36:05
| APM promedio | 40.1 |
| APM pico | 69 |
| eAPM promedio | 25.7 |
| Aldeanos / militares | 119 / 142 |
Foco
⚔️ 35.1% · 🌾 64.9%
Scout Cavalry ×102 · Unknown (1920) ×33 · Fire Galley ×13 · Unknown (2626) ×9 · Monk ×8 · Steppe Lancer ×8
Mapa de la partida
Recursos iniciales + cada clic de construcción. Líneas = muros · curvas = relieve. ◆ oro · ⬟ piedra · ● bayas · ✦ reliquia · ◌ hueco del cierre
Tu base· Abierta — flanco sin cerrar
Base de luff· Abierta — hueco de 6t
Terreno inicial suavizado · ◌ = hueco del cierre detectado · pasá el cursor para detalles
Inputs por minuto
— rono - - luff
Build order — rono
Primeras 150 de 759 acciones detectadas
| 0:18 | Construir | Town Center |
| 1:07 | Construir | House |
| 1:14 | Construir | Mill |
| 1:18 | Construir | House |
| 1:40 | Encolar | Villager (Male) |
| 1:50 | Encolar | Villager (Male) |
| 1:51 | Construir | House |
| 2:02 | Encolar | Villager (Male) |
| 2:05 | Encolar | Villager (Male) |
| 2:32 | Construir | Palisade Wall |
| 2:36 | Construir | Palisade Wall |
| 2:37 | Construir | Palisade Wall |
| 2:37 | Construir | Palisade Wall |
| 2:45 | Construir | Dock |
| 3:04 | Encolar | Villager (Male) |
| 3:18 | Construir | House |
| 3:40 | Encolar | Villager (Male) |
| 3:48 | Construir | Mill |
| 3:59 | Encolar | Fishing Ship |
| 4:08 | Encolar | Villager (Male) |
| 4:33 | Encolar | Villager (Male) |
| 4:36 | Construir | House |
| 4:43 | Encolar | Fishing Ship |
| 4:44 | Encolar | Villager (Male) |
| 4:45 | Encolar | Villager (Male) |
| 4:57 | Construir | House |
| 5:01 | Encolar | Villager (Male) |
| 5:11 | Encolar | Villager (Male) |
| 5:25 | Encolar | Fishing Ship |
| 5:54 | Encolar | Villager (Male) |
| 6:03 | Encolar | Fishing Ship |
| 6:22 | Investigar | Feudal Age |
| 6:38 | Construir | Lumber Camp |
| 7:00 | Construir | Mining Camp |
| 7:19 | Encolar | Villager (Male) |
| 7:37 | Construir | Dock |
| 7:45 | Construir | House |
| 8:00 | Construir | Dock |
| 8:03 | Construir | Palisade Wall |
| 8:04 | Construir | Palisade Wall |
| 8:06 | Construir | Palisade Wall |
| 8:23 | Encolar | Villager (Male) |
| 8:32 | Edad | Edad Feudal |
| 8:34 | Encolar | Unit 2626 |
| 8:38 | Investigar | Double-Bit Axe |
| 8:38 | Investigar | Double-Bit Axe |
| 8:40 | Encolar | Villager (Male) |
| 8:42 | Encolar | Villager (Male) |
| 8:54 | Encolar | Villager (Male) |
| 9:05 | Encolar | Unit 2626 |
| 9:17 | Encolar | Villager (Male) |
| 9:18 | Encolar | Unit 2626 |
| 9:34 | Encolar | Unit 2626 |
| 9:38 | Encolar | Galley |
| 9:38 | Encolar | Galley |
| 9:42 | Construir | House |
| 9:45 | Construir | House |
| 9:47 | Encolar | Villager (Male) |
| 10:10 | Encolar | Villager (Male) |
| 10:12 | Encolar | Villager (Male) |
| 10:22 | Construir | Blacksmith |
| 10:30 | Encolar | Villager (Male) |
| 10:37 | Encolar | Galley |
| 10:50 | Encolar | Villager (Male) |
| 11:02 | Encolar | Galley |
| 11:27 | Encolar | Galley |
| 11:33 | Encolar | Galley |
| 11:37 | Encolar | Villager (Male) |
| 11:46 | Encolar | Galley |
| 11:49 | Investigar | Fletching |
| 11:53 | Construir | House |
| 11:57 | Construir | Lumber Camp |
| 12:02 | Encolar | Galley |
| 12:09 | Investigar | Horse Collar |
| 12:12 | Construir | Farm |
| 12:13 | Encolar | Villager (Male) |
| 12:22 | Construir | House |
| 12:37 | Encolar | Villager (Male) |
| 12:58 | Encolar | Villager (Male) |
| 13:06 | Encolar | Unit 2626 |
| 13:14 | Encolar | Unit 2626 |
| 13:30 | Construir | Market |
| 13:46 | Encolar | Villager (Male) |
| 14:36 | Encolar | Unit 2626 |
| 14:38 | Investigar | Castle Age |
| 14:50 | Encolar | Unit 2626 |
| 15:06 | Investigar | Gold Mining |
| 15:07 | Encolar | Unit 2626 |
| 15:16 | Construir | House |
| 15:17 | Construir | House |
| 15:30 | Encolar | Unit 2626 |
| 15:41 | Encolar | Unit 2626 |
| 15:57 | Encolar | Villager (Male) |
| 16:10 | Encolar | Unit 2626 |
| 16:15 | Encolar | Villager (Male) |
| 16:22 | Investigar | Loom |
| 16:23 | Construir | Barracks |
| 16:30 | Encolar | Unit 2626 |
| 16:32 | Encolar | Villager (Male) |
| 16:46 | Encolar | Unit 2626 |
| 16:52 | Encolar | Villager (Male) |
| 16:54 | Construir | Outpost |
| 16:57 | Investigar | Town Watch |
| 17:00 | Encolar | Unit 2626 |
| 17:18 | Encolar | Unit 2626 |
| 17:18 | Edad | Edad de los Castillos |
| 17:23 | Investigar | Tech 906 |
| 17:27 | Encolar | Villager (Male) |
| 17:40 | Encolar | Villager (Male) |
| 17:51 | Encolar | Unit 2626 |
| 17:55 | Encolar | Villager (Male) |
| 18:06 | Construir | Monastery |
| 18:12 | Construir | Town Center |
| 18:16 | Encolar | Unit 2626 |
| 18:20 | Encolar | Unit 2626 |
| 18:26 | Encolar | Villager (Male) |
| 18:31 | Encolar | Unit 2626 |
| 18:37 | Encolar | Villager (Male) |
| 18:51 | Encolar | Unit 2626 |
| 18:56 | Encolar | Unit 2626 |
| 18:58 | Encolar | Villager (Male) |
| 19:06 | Investigar | War Galley (upgrade) |
| 19:09 | Encolar | Villager (Male) |
| 19:13 | Encolar | Unit 2626 |
| 19:22 | Encolar | Monk |
| 19:24 | Encolar | Unit 2626 |
| 19:28 | Encolar | Villager (Male) |
| 19:31 | Encolar | Villager (Male) |
| 19:34 | Construir | Farm |
| 19:39 | Construir | Town Center |
| 19:41 | Encolar | Unit 2626 |
| 19:54 | Encolar | Unit 2626 |
| 20:06 | Encolar | Unit 2626 |
| 20:20 | Encolar | Monk |
| 20:34 | Encolar | Galley |
| 20:35 | Encolar | Galley |
| 20:40 | Encolar | Villager (Male) |
| 20:54 | Construir | Siege Workshop |
| 21:07 | Construir | Farm |
| 21:08 | Construir | Farm |
| 21:08 | Construir | Farm |
| 21:09 | Construir | Farm |
| 21:11 | Encolar | Villager (Male) |
| 21:15 | Encolar | Monk |
| 21:22 | Encolar | Villager (Male) |
| 21:24 | Construir | Monastery |
| 21:32 | Encolar | Galley |
| 21:32 | Encolar | Galley |
| 21:42 | Construir | Mining Camp |
| 21:46 | Encolar | Villager (Male) |
Build order — luff
Primeras 150 de 484 acciones detectadas
| 0:11 | Construir | Town Center |
| 0:50 | Construir | House |
| 0:56 | Construir | House |
| 1:45 | Encolar | Villager (Male) |
| 1:45 | Encolar | Villager (Male) |
| 1:45 | Encolar | Villager (Male) |
| 1:46 | Encolar | Villager (Male) |
| 1:46 | Encolar | Villager (Male) |
| 1:55 | Construir | Dock |
| 2:26 | Construir | Palisade Wall |
| 2:27 | Construir | Palisade Wall |
| 2:43 | Investigar | Loom |
| 2:45 | Construir | House |
| 2:51 | Encolar | Villager (Male) |
| 2:51 | Encolar | Villager (Male) |
| 3:16 | Construir | House |
| 3:32 | Encolar | Fishing Ship |
| 3:38 | Encolar | Villager (Male) |
| 3:38 | Encolar | Villager (Male) |
| 3:52 | Encolar | Villager (Male) |
| 3:52 | Encolar | Villager (Male) |
| 3:52 | Encolar | Villager (Male) |
| 3:52 | Encolar | Villager (Male) |
| 4:19 | Encolar | Fishing Ship |
| 4:47 | Encolar | Fishing Ship |
| 4:51 | Construir | House |
| 4:56 | Construir | Palisade Wall |
| 5:07 | Encolar | Villager (Male) |
| 5:10 | Encolar | Fishing Ship |
| 5:31 | Encolar | Villager (Male) |
| 5:31 | Encolar | Villager (Male) |
| 5:59 | Encolar | Fishing Ship |
| 6:07 | Construir | Dock |
| 6:40 | Construir | Mining Camp |
| 6:50 | Construir | House |
| 6:56 | Encolar | Fishing Ship |
| 7:12 | Encolar | Villager (Male) |
| 8:02 | Investigar | Feudal Age |
| 8:25 | Encolar | Villager (Male) |
| 8:28 | Construir | Dock |
| 8:39 | Construir | House |
| 8:41 | Construir | House |
| 9:25 | Construir | Mill |
| 9:28 | Encolar | Villager (Male) |
| 10:12 | Edad | Edad Feudal |
| 10:13 | Encolar | Unit 2626 |
| 10:14 | Encolar | Unit 2626 |
| 10:14 | Encolar | Unit 2626 |
| 10:17 | Construir | Market |
| 10:28 | Construir | Blacksmith |
| 10:37 | Encolar | Villager (Male) |
| 10:38 | Encolar | Villager (Male) |
| 10:53 | Encolar | Unit 2626 |
| 10:53 | Encolar | Unit 2626 |
| 11:37 | Encolar | Unit 2626 |
| 11:54 | Encolar | Fire Galley |
| 11:59 | Investigar | Castle Age |
| 12:15 | Construir | Lumber Camp |
| 12:28 | Encolar | Fire Galley |
| 12:54 | Encolar | Fire Galley |
| 13:13 | Encolar | Villager (Male) |
| 13:28 | Investigar | Double-Bit Axe |
| 13:43 | Encolar | Fire Galley |
| 13:48 | Encolar | Fire Galley |
| 14:09 | Construir | House |
| 14:39 | Edad | Edad de los Castillos |
| 14:40 | Investigar | War Galley (upgrade) |
| 14:43 | Encolar | Fire Galley |
| 14:43 | Encolar | Fire Galley |
| 14:52 | Encolar | Villager (Male) |
| 14:52 | Encolar | Villager (Male) |
| 15:02 | Construir | Outpost |
| 15:11 | Encolar | Unit 2626 |
| 15:12 | Encolar | Fire Galley |
| 15:16 | Encolar | Villager (Male) |
| 15:16 | Encolar | Villager (Male) |
| 15:33 | Encolar | Fire Galley |
| 15:44 | Encolar | Villager (Male) |
| 15:55 | Construir | Outpost |
| 16:03 | Investigar | Town Watch |
| 16:03 | Investigar | Wheelbarrow |
| 16:14 | Encolar | Villager (Male) |
| 16:34 | Encolar | Fire Galley |
| 16:35 | Encolar | Fire Galley |
| 17:04 | Encolar | Fire Galley |
| 17:04 | Encolar | Fire Galley |
| 17:22 | Construir | Castle |
| 17:27 | Encolar | Unit 2626 |
| 17:38 | Encolar | Unit 2626 |
| 17:40 | Encolar | Villager (Male) |
| 17:40 | Encolar | Villager (Male) |
| 17:49 | Encolar | Villager (Male) |
| 17:49 | Encolar | Villager (Male) |
| 18:04 | Construir | Outpost |
| 18:32 | Construir | Mining Camp |
| 18:39 | Construir | Outpost |
| 18:48 | Encolar | Unit 1920 |
| 18:48 | Encolar | Unit 1920 |
| 18:48 | Encolar | Unit 1920 |
| 18:48 | Encolar | Unit 1920 |
| 18:56 | Encolar | Villager (Male) |
| 18:56 | Encolar | Villager (Male) |
| 19:14 | Encolar | Unit 1920 |
| 19:20 | Construir | Siege Workshop |
| 19:23 | Construir | Outpost |
| 19:40 | Encolar | Unit 1920 |
| 19:46 | Construir | Monastery |
| 19:58 | Construir | Outpost |
| 20:07 | Encolar | Unit 1920 |
| 20:07 | Encolar | Unit 1920 |
| 20:08 | Encolar | Villager (Male) |
| 20:30 | Construir | House |
| 20:31 | Encolar | Battering Ram |
| 20:36 | Construir | Outpost |
| 20:41 | Encolar | Villager (Male) |
| 21:02 | Encolar | Battering Ram |
| 21:25 | Construir | Pasture |
| 21:27 | Encolar | Villager (Male) |
| 21:52 | Encolar | Unit 1920 |
| 21:52 | Encolar | Unit 1920 |
| 22:02 | Construir | Pasture |
| 22:09 | Construir | Lumber Camp |
| 22:28 | Encolar | Unit 1920 |
| 22:28 | Encolar | Unit 1920 |
| 22:44 | Encolar | Villager (Male) |
| 23:12 | Encolar | Unit 1920 |
| 23:12 | Encolar | Unit 1920 |
| 23:18 | Encolar | Villager (Male) |
| 23:18 | Encolar | Villager (Male) |
| 23:54 | Construir | Pasture |
| 23:55 | Construir | Pasture |
| 23:58 | Encolar | Villager (Male) |
| 23:58 | Encolar | Villager (Male) |
| 24:25 | Construir | Pasture |
| 24:28 | Construir | Pasture |
| 24:35 | Construir | Mining Camp |
| 24:49 | Construir | Barracks |
| 24:51 | Construir | Pasture |
| 25:08 | Encolar | Villager (Male) |
| 25:08 | Encolar | Villager (Male) |
| 25:14 | Construir | Pasture |
| 25:16 | Construir | Pasture |
| 25:18 | Investigar | Tech 1014 |
| 25:48 | Encolar | Unit 1920 |
| 25:48 | Encolar | Unit 1920 |
| 25:48 | Encolar | Villager (Male) |
| 25:49 | Encolar | Villager (Male) |
| 25:49 | Encolar | Villager (Male) |
| 25:56 | Investigar | Squires |
| 26:16 | Encolar | Battering Ram |
Cronología de la partida
| 1:55 | luff · first_building Dock |
| 2:26 | luff · wall_segment Palisade Wall x1 |
| 2:27 | luff · wall_segment Palisade Wall x1 |
| 2:32 | rono · wall_segment Palisade Wall x1 |
| 2:36 | rono · wall_segment Palisade Wall x1 |
| 2:37 | rono · wall_segment Palisade Wall x1 |
| 2:37 | rono · wall_segment Palisade Wall x1 |
| 2:45 | rono · first_building Dock |
| 4:56 | luff · wall_segment Palisade Wall x1 |
| 8:03 | rono · wall_segment Palisade Wall x1 |
| 8:04 | rono · wall_segment Palisade Wall x1 |
| 8:06 | rono · wall_segment Palisade Wall x1 |
| 8:32 | rono · age_up feudal |
| 10:12 | luff · age_up feudal |
| 11:58 | luff · first_market_sell 100 stone |
| 14:39 | luff · age_up castle |
| 16:23 | rono · first_building Barracks |
| 17:18 | rono · age_up castle |
| 17:22 | luff · first_building Castle |
| 18:06 | rono · first_building Monastery |
| 18:42 | rono · first_market_sell 100 food |
| 18:43 | rono · first_market_buy 100 stone |
| 19:20 | luff · first_building Siege Workshop |
| 19:46 | luff · first_building Monastery |
| 20:54 | rono · first_building Siege Workshop |
| 24:49 | luff · first_building Barracks |
| 27:08 | rono · first_building Stable |
| 31:56 | luff · first_market_buy 100 wood |
| 31:59 | rono · first_building Castle |
| 33:43 | luff · wall_segment Palisade Wall x1 |
| 33:43 | luff · wall_segment Palisade Wall x1 |
| 33:43 | luff · wall_segment Palisade Wall x1 |
| 33:44 | luff · wall_segment Palisade Wall x1 |
| 33:44 | luff · wall_segment Palisade Wall x1 |
| 33:44 | luff · wall_segment Palisade Wall x1 |
| 33:45 | luff · wall_segment Palisade Wall x1 |
| 36:05 | luff · age_up imperial |
| 36:17 | rono · age_up imperial |
| 38:05 | luff · first_building Stable |
| 49:51 | luff · wall_segment Palisade Wall x1 |
| 49:53 | luff · wall_segment Palisade Wall x1 |
| 53:05 | luff · resign |
[ ANÁLISIS IA · 1 CRÉDITO ]
¿Qué pasó realmente en esta partida?
Wolo.gg analiza cada decisión: build order, eco, micro, errores típicos por bracket. Análisis personalizado por WhatsApp o Discord en 30 segundos.
Guía civ
Gurjaras
Perfil
ronotovi (rono)